 Dungeon Crawl Stone Soup version 0.30-a0-56-ge6a4009bfd (webtiles) character file.

Game seed: 10517017133215166682

9146 pokeman the Thaumaturge (level 11, -1/60 HPs)
             Began as a Deep Elf Hedge Wizard on Sept 6, 2022.
             Was a Priest of Vehumet.
             Slain by a red ugly thing (13 damage)
             ... on level 9 of the Dungeon on Sept 10, 2022.
             The game lasted 00:34:43 (14098 turns).

pokeman the Thaumaturge (Deep Elf Hedge Wizard)    Turns: 14098, Time: 00:34:44

Health: -1/60      AC:  9    Str:  7    XL:     11   Next: 19%
Magic:  13/31      EV: 13    Int: 24    God:    Vehumet [***...]
Gold:   422        SH:  5    Dex: 14    Spells: 24/39 levels left

rFire   . . .      SeeInvis .    K - +4 halberd (elec)
rCold   . . .      Faith    .    (shield currently unavailable)
rNeg    . . .      Spirit   .    N - +0 steam dragon scales
rPois   .          Reflect  +    F - +2 hat
rElec   .          Harm     .    f - +0 cloak
rCorr   .          Rampage  .    (no gloves)
Will    ++...                    R - +0 pair of boots
Stlth   ++........               l - amulet of reflection
HPRegen 0.20/turn                C - ring of willpower
MPRegen 0.22/turn                (no ring)

@: no status effects
A: no striking features
a: Renounce Religion


You were on level 9 of the Dungeon.
You worshipped Vehumet.
Vehumet was most pleased with you.
You visited 2 branches of the dungeon, and saw 10 of its levels.
You also visited: Bailey.

You collected 532 gold pieces.
You spent 110 gold pieces at shops.

Inventory:

Hand Weapons
 s - a +4 quarterstaff of chaos
 v - a +2 dagger of venom
 B - a +0 longbow
 K - a +4 halberd of electrocution (weapon)
 O - the +3 rapier of Honour {vorpal, rF++}
   (You took it off an orc priest on level 8 of the Dungeon)

   It inflicts extra damage upon your enemies.
   rF:        It greatly protects you from fire.
 Q - a +1 demon whip of venom
Missiles
 j - a throwing net
Armour
 f - a +0 cloak (worn)
 u - a +0 buckler
 z - an orb of guile
 F - a +2 hat (worn)
 M - an orb of mayhem
 N - +0 steam dragon scales (worn)
 R - a +0 pair of boots (worn)
Magical Staves
 S - a staff of cold
Jewellery
 l - an amulet of reflection (around neck)
 C - a ring of willpower (left hand)
 G - a ring of protection from cold
Wands
 t - a wand of flame (21)
 L - a wand of iceblast (22)
Scrolls
 a - 4 scrolls of butterflies {unknown}
 b - 2 scrolls of blinking {unknown}
 c - 2 scrolls of vulnerability {unknown}
 h - a scroll of magic mapping {unknown}
 i - 10 scrolls of identify {unknown}
 k - 2 scrolls of amnesia {unknown}
 m - 3 scrolls of teleportation {unknown}
 p - 2 scrolls of poison {unknown}
 q - a scroll of noise {unknown}
 w - 2 scrolls of immolation {unknown}
 y - 3 scrolls of enchant weapon {unknown}
 D - a scroll of brand weapon {unknown}
 E - a scroll of summoning {unknown}
Potions
 d - 6 potions of magic
 e - 6 potions of curing
 g - 6 potions of might {unknown}
 n - a potion of ambrosia {unknown}
 o - 3 potions of brilliance
 r - 4 potions of cancellation {unknown}
 x - 3 potions of heal wounds
 A - a potion of berserk rage {unknown}
 H - a potion of mutation {unknown}
 I - 2 potions of haste {unknown}
 J - 3 potions of resistance
 P - a potion of flight {unknown}


   Skills:
 - Level 3.0 Fighting
 - Level 3.0 Armour
 - Level 3.0 Dodging
 - Level 3.0 Stealth
 + Level 4.3 Shields
 * Level 14.8 Spellcasting
 + Level 8.6 Conjurations
 - Level 1.1 Summonings
 - Level 1.1 Translocations
 + Level 7.9 Fire Magic
 + Level 0.5 Ice Magic
 - Level 1.0 Air Magic
 - Level 1.0 Earth Magic
 - Level 1.1 Poison Magic
 - Level 1.0 Evocations


You had 24 spell levels left.
You knew the following spells:

 Your Spells              Type           Power      Damage    Failure   Level
a - Magic Dart            Conj           100%       1d8       1%          1
b - Mephitic Cloud        Conj/Pois/Air  35%        N/A       1%          3
c - Call Imp              Summ           23%        N/A       3%          2
d - Blink                 Tloc           46%        N/A       3%          2
e - Conjure Flame         Conj/Fire      55%        6-21      1%          3
f - Shock                 Conj/Air       100%       1d9       1%          1
g - Stone Arrow           Conj/Erth      80%        3d12      1%          3

Your spell library contained the following spells:

 Spells                   Type           Power      Damage    Failure   Level
 Slow                     Hex            68%        N/A       3%          1
 Sublimation of Blood     Necr           17%        N/A       4%          2
 Irradiate                Conj/Tmut      19%        3d18      4%          5
 Petrify                  Tmut/Erth      20%        N/A       26%         4
 Metabolic Englaciation   Hex/Ice        9%         N/A       63%         5
 Statue Form              Tmut/Erth      13%        N/A       99%         6
 Chain Lightning          Conj/Air       20%        3d26      100%        9
 Fire Storm               Conj/Fire      27%        8d7       100%        9
 Shatter                  Erth           11%        3d12*     100%        9


Dungeon Overview and Level Annotations

Branches:
Dungeon (9/15)             Temple (1/1) D:7          Bailey (visited)
   Lair: D:8-11         Orc: D:9-12

Altars:
Ashenzari
Elyvilon
Fedhas
Gozag
Hepliaklqana
Kikubaaqudgha
Makhleb
Nemelex Xobeh
Okawaru
Ru
Sif Muna
Trog
Vehumet
Yredelemnul
Zin
The Shining One

Shops:
D:2 [(   D:3 (   D:4 !


Message History

The stone arrow hits the red ugly thing!
The red ugly thing is lightly wounded.
The red ugly thing gurgles horribly!
Unknown command.
Casting: Stone Arrow (safe; 1% risk of failure)
Confirm with . or Enter, or press ? or * to list all spells.
Aiming: Stone Arrow (safe; 1% risk of failure)
Press: ? - help, Shift-Dir - straight line, f/p - red ugly thing
Aim: a red ugly thing (lightly wounded, 76% to hit)
The stone arrow hits the red ugly thing!!
The red ugly thing is heavily wounded.
Unknown command.
Casting: Stone Arrow (safe; 1% risk of failure)
Confirm with . or Enter, or press ? or * to list all spells.
Aiming: Stone Arrow (safe; 1% risk of failure)
Press: ? - help, Shift-Dir - straight line, f/p - red ugly thing
Aim: a red ugly thing (heavily wounded, 76% to hit)
The stone arrow hits the red ugly thing!
The red ugly thing is severely wounded.
The red ugly thing tentacle-slaps you but does no damage.
Unknown command.
Casting: Stone Arrow (safe; 1% risk of failure)
Confirm with . or Enter, or press ? or * to list all spells.
Aiming: Stone Arrow (safe; 1% risk of failure)
Press: ? - help, Shift-Dir - straight line, f/p - red ugly thing
Aim: a red ugly thing (severely wounded, 76% to hit)
The stone arrow misses the red ugly thing.
The red ugly thing tentacle-slaps you!
You are engulfed in flames!
Unknown command.
Casting: Stone Arrow (safe; 1% risk of failure)
Confirm with . or Enter, or press ? or * to list all spells.
Aiming: Stone Arrow (safe; 1% risk of failure)
Press: ? - help, Shift-Dir - straight line, f/p - red ugly thing
Aim: a red ugly thing (severely wounded, 76% to hit)
The stone arrow hits the red ugly thing!
The red ugly thing is severely wounded.
The red ugly thing tentacle-slaps you!
* * * LOW HITPOINT WARNING * * *
You are engulfed in flames!
You die...

#....# .. #####.# #.#####
'### #...... #.# #. ...
#...... #.# #.###.#
#...... #.# #.....#
...###.. ######.# ###.#.#
#### #)# #......# #.#.#.#
#)# ###.####.#####.#u#.#
#<. #.#.#.#.#.#.##.#@#..
### ...........###.#.###
#.#.#.#.#.#.##...#
...........###.###
#.#)#.#<#.#.##...#
...........#####.#
#.#.#.#.#.####.#.#
............##[#.#########
#.#.#.#.#)#.##....).^....#


You could see a red ugly thing.

Vanquished Creatures
  A two-headed ogre (D:8)
  Amaemon (D:8)
  An orc knight (Bailey)
  An orange demon (D:8)
  2 kobold demonologists (D:9)
  A troll (D:8)
  A meliai (D:9)
  A hornet (D:9)
  Prince Ribbit (D:8)
  2 wyverns (D:8)
  A wraith (D:9)
  5 yaks
  Eustachio (D:5)
  2 steam dragons (D:8)
  A water moccasin (D:6)
  4 orc warriors
  3 black bears
  5 centaurs
  An ogre (D:4)
  2 phantoms
  5 kobold brigands
  Blork the orc (D:6)
  4 bullfrogs
  2 gnoll sergeants (D:7)
  2 necrophages
  A scorpion (D:6)
  13 wights
  4 killer bees (D:9)
  4 hounds
  Crazy Yiuf (D:3)
  2 gnoll boudas
  5 orc priests
  Natasha (thrice) (D:4)
  2 iguanas
  7 orc wizards
  Robin (D:4)
  29 gnolls
  10 adders
  A shadow imp (D:5)
  2 white imps (D:5)
  An ufetubus (D:7)
  2 worms (D:2)
  A dart slug (D:3)
  32 orcs
  8 endoplasms
  3 giant cockroaches
  16 goblins
  8 hobgoblins
  18 kobolds
  7 quokkas
  8 ball pythons
  6 bats
  2 frilled lizards (D:1)
  3 hobgoblin zombies (D:5)
  2 kobold skeletons (D:5)
  2 orc skeletons (D:5)
  An orc zombie (D:5)
  24 rats
280 creatures vanquished.

Vanquished Creatures (collateral kills)
  2 killer bees (D:9)
2 creatures vanquished.

Vanquished Creatures (others)
  2 plants (D:7)
2 creatures vanquished.

Grand Total: 284 creatures vanquished

Notes
Turn   | Place    | Note
-------+----------+-------------------------------------------
     0 | D:1      | pokeman the Deep Elf Hedge Wizard began the quest for the
                  | Orb.
     0 | D:1      | Reached XP level 1. HP: 10/10 MP: 7/7
   359 | D:1      | Reached XP level 2. HP: 15/15 MP: 1/9
  1398 | D:1      | Reached skill level 5 in Spellcasting
  1620 | D:2      | Reached XP level 3. HP: 20/20 MP: 6/11
  1624 | D:2      | Learned a level 3 spell: Mephitic Cloud
  1627 | D:2      | Learned a level 2 spell: Call Imp
  1630 | D:2      | Learned a level 2 spell: Blink
  1634 | D:2      | Learned a level 3 spell: Conjure Flame
  1664 | D:2      | Reached skill level 1 in Armour
  1665 | D:2      | Reached skill level 1 in Fighting
  1679 | D:2      | Reached XP level 4. HP: 4/25 MP: 4/13
  1682 | D:2      | HP: 1/25 [poisoned by an adder]
  2291 | D:2      | Found Yjuxt's Armour Shop.
  3040 | D:2      | Found Ezeir's Antique Weapon Boutique.
  3269 | D:3      | Reached skill level 6 in Spellcasting
  3275 | D:3      | Reached XP level 5. HP: 29/29 MP: 3/15
  3375 | D:3      | Found Reonly's Antique Weapon Boutique.
  3499 | D:3      | Found a faded altar of an unknown god.
  3993 | D:3      | Found a runed translucent door.
  3994 | D:3      | Noticed Crazy Yiuf
  4025 | D:3      | Found a sacrificial altar of Ru.
  4556 | D:3      | Killed Crazy Yiuf
  4557 | D:3      | Reached skill level 1 in Fire Magic
  4557 | D:3      | Reached skill level 1 in Poison Magic
  4656 | D:4      | Noticed a black bear
  4742 | D:4      | Noticed Natasha
  4747 | D:4      | Killed Natasha
  4748 | D:4      | Reached XP level 6. HP: 22/34 MP: 11/17
  4873 | D:4      | Reached skill level 7 in Spellcasting
  4873 | D:4      | Reached skill level 1 in Air Magic
  5073 | D:4      | Noticed Natasha
  5077 | D:4      | Killed Natasha
  5092 | D:4      | Noticed Robin
  5113 | D:4      | Killed Robin
  5428 | D:4      | Noticed Natasha
  5439 | D:4      | Killed Natasha
  5440 | D:4      | Reached XP level 7. HP: 38/38 MP: 14/20
  5591 | D:4      | Reached skill level 1 in Evocations
  5680 | D:4      | Found a blossoming altar of Fedhas.
  5799 | D:4      | Found Ableth's Distillery.
  6043 | D:4      | Bought a potion of curing for 30 gold pieces
  6043 | D:4      | Bought a potion of heal wounds for 50 gold pieces
  6043 | D:4      | Bought a potion of curing for 30 gold pieces
  6098 | D:5      | Entered Level 5 of the Dungeon
  6179 | D:5      | Found a glowing golden altar of the Shining One.
  6337 | D:5      | Reached skill level 1 in Shields
  6337 | D:5      | Reached skill level 8 in Spellcasting
  6642 | D:5      | Noticed Eustachio
  6660 | D:5      | Killed Eustachio
  6795 | D:5      | Found a hazy altar of Hepliaklqana.
  7082 | D:6      | Found a white marble altar of Elyvilon.
  7157 | D:6      | Reached skill level 9 in Spellcasting
  7157 | D:6      | Reached XP level 8. HP: 33/43 MP: 21/23
  7255 | D:6      | Noticed Blork the orc
  7271 | D:6      | Killed Blork the orc
  7480 | D:6      | Reached skill level 5 in Conjurations
  7824 | D:6      | Reached skill level 10 in Spellcasting
  8277 | D:7      | Upgraded the game from 0.30-a0-52-g86a8295270 to
                  | 0.30-a0-56-ge6a4009bfd
  8278 | D:7      | Found a staircase to the Ecumenical Temple.
  8286 | Temple   | Entered the Ecumenical Temple
  8343 | Temple   | Became a worshipper of Vehumet
  8522 | D:7      | Reached XP level 9. HP: 48/48 MP: 25/25
  8709 | D:7      | Reached skill level 11 in Spellcasting
  9033 | D:7      | HP: 2/49 [gnoll sergeant/+0 trident (7)]
  9345 | D:7      | Reached skill level 5 in Fire Magic
  9365 | D:7      | Reached * piety under Vehumet
  9365 | D:7      | Offered knowledge of Shock by Vehumet.
  9373 | D:7      | Learned a level 1 spell: Shock
  9782 | D:8      | Noticed Prince Ribbit
  9879 | D:7      | HP: 2/48 [gnoll sergeant/+4 vampiric trident (5)]
 10202 | D:8      | Found a flagged portal.
 10222 | Bailey   | Entered a bailey
 10558 | Bailey   | Noticed an orc knight
 10858 | Bailey   | Killed an orc knight
 10859 | Bailey   | Reached skill level 12 in Spellcasting
 11178 | D:8      | Reached ** piety under Vehumet
 11179 | D:8      | Reached XP level 10. HP: 21/56 MP: 12/28
 11525 | D:8      | Killed Prince Ribbit
 11550 | D:8      | Offered knowledge of Scorch by Vehumet.
 11651 | D:8      | Identified the +3 rapier of Honour {vorpal, rF++}
 11693 | D:8      | Reached skill level 13 in Spellcasting
 11759 | D:8      | Found a shimmering blue altar of Sif Muna.
 11830 | D:8      | Noticed a two-headed ogre
 11918 | D:8      | Killed a two-headed ogre
 12185 | D:8      | Noticed Amaemon
 12449 | D:8      | Reached skill level 14 in Spellcasting
 12571 | D:8      | Killed Amaemon
 12626 | D:8      | Noticed an orange demon
 12650 | D:8      | HP: 2/56 [poisoned by an orange demon]
 13068 | D:8      | Killed an orange demon
 13275 | D:9      | Offered knowledge of Stone Arrow by Vehumet.
 13290 | D:9      | Learned a level 3 spell: Stone Arrow
 13597 | D:9      | Found an opulent altar of Gozag.
 13654 | D:9      | Reached XP level 11. HP: 54/60 MP: 27/31
 13656 | D:9      | Reached *** piety under Vehumet
 13699 | D:9      | Found a bloodstained altar of Trog.
 13706 | D:9      | Found an ancient bone altar of Kikubaaqudgha.
 13749 | D:9      | Reached skill level 1 in Earth Magic
 14093 | D:9      | Noticed a red ugly thing
 14098 | D:9      | Slain by a red ugly thing

Illustrated notes

Levels and vault maps discovered:
D:1:      erik_arrival_orb_chamber, layout_loops_ring, minmay_splitting_lines
D:2:      layout_basic, serial_shops, shop, nicolae_shop_stone
D:3:      layout_basic, mainiacjoe_overflow_catwalk, serial_shops, shop_statue,
          chequers_ecumenical_altar_simple_redux, kennysheep_cluttered_room,
          uniq_crazy_yiuf_cottage
D:4:      layout_gridville, general_overflow_altar, serial_shops,
          nicolae_inconvenience_store, minmay_rat_hole, uniq_natasha, uniq_robin
D:5:      layout_rooms, mainiacjoe_overflow_six_doors_small,
          nicolae_tso_besieged_by_evil, uniq_eustachio
D:6:      nicolae_BIG_FREAKIN_CUBE, layout_rooms, elyvilon_altar_4,
          nrook_mini_vaults, nicolae_concentric_dashed_squares_wild,
          abandoned_shop, minivault_27, nrook_campfire, uniq_blork_the_orc
D:7:      layout_cave_pools, minmay_temple_entry_gardened_gates
D:8:      wad_guarded_room, layout_cave_pools,
          mainiacjoe_overflow_cross_hatched, enter_bailey_7,
          uniq_prince_ribbit1, uniq_amaemon
D:9:      layout_loops_ring, grunt_gozag_statues, lemuel_tele_altar,
          amethyst_overflow_temple_binary, st_stairs_10, wad_mini_maze
Temple:   jpeg_temple_clearing

Skill      XL: |  1  2  3  4  5  6  7  8  9 10 11 |
---------------+----------------------------------+-----
Spellcasting   | 5 6 7 9 10 12 14 | 14.8
Armour         | 1 2 3 |  3.0
Fighting       | 1 2 3 |  3.0
Conjurations   | 2 3 4 5 7 8 |  8.6
Stealth        | 3 |  3.0
Dodging        | 3 |  3.0
Fire Magic     | 1 3 4 6 7 |  7.9
Poison Magic   | 1 |  1.1
Air Magic      | 1 |  1.0
Evocations     | 1 |  1.0
Shields        | 1 2 4 |  4.3
Earth Magic    | 1 |  1.0
Summonings     | |  1.1
Translocations | |  1.1
Ice Magic      | |  0.5

Action                   |  1- 3 |  4- 6 |  7- 9 | 10-12 || total
-------------------------+-------+-------+-------+-------++-------
Melee: Spear             |     5 |       |       |       ||     5
       Whip              |     4 |    45 |    87 |       ||   136
       Punch             |     1 |     2 |       |       ||     3
       Dagger            |       |       |    45 |       ||    45
       Halberd           |       |       |    14 |   101 ||   115
 Cast: Magic Dart        |    73 |   150 |   171 |     2 ||   396
       Mephitic Cloud    |     1 |     7 |    36 |    25 ||    69
       Conjure Flame     |       |       |    17 |    15 ||    32
       Call Imp          |       |       |     3 |     2 ||     5
       Blink             |       |       |     4 |     1 ||     5
       Shock             |       |       |    66 |   117 ||   183
       Stone Arrow       |       |       |       |     9 ||     9
 Stab: Confused          |       |     4 |    13 |    10 ||    27
       Sleeping          |       |       |     2 |       ||     2
Armor: Robe              |     4 |       |       |       ||     4
       Leather armour    |       |    14 |    37 |     1 ||    52
       Steam dragon scal |       |       |       |    27 ||    27
Dodge: Dodged            |    12 |    46 |   132 |    54 ||   244
Block: Other             |       |    14 |    46 |    14 ||    74
       Reflection        |       |     1 |       |       ||     1

Table legend: (Time is in decaauts)
 A = Elapsed time spent in this place.
 B = Non-inter-level travel time spent in this place.
 C = Inter-level travel time spent in this place.
 D = Time resting spent in this place.
 E = Time spent auto-exploring this place.
 F = Levels seen in this place.
 G = Mean time per level.
                   A        B        C        D        E       F      G
               +--------+--------+--------+--------+--------+-----+--------+
         Total |  14187 |  13719 |    468 |   2284 |   9132 |  11 | 1289.7 |
       Dungeon |  13332 |  12879 |    453 |   1943 |   8792 |   9 | 1481.3 |
        Temple |     74 |     59 |     15 |      0 |     37 |   1 |   74.0 |
        Bailey |    780 |    780 |      0 |    341 |    303 |   1 |  780.0 |
               +--------+--------+--------+--------+--------+-----+--------+

Top non-repeatable levels by time:
     D:8: 2031 daAuts
     D:7: 1775 daAuts
     D:2: 1708 daAuts
     D:1: 1549 daAuts
     D:3: 1469 daAuts
     D:6: 1432 daAuts
     D:4: 1377 daAuts
     D:5: 1136 daAuts
     D:9: 851 daAuts
  Bailey: 780 daAuts
  Temple: 74 daAuts
